 Dungeon Crawl Stone Soup version 0.19-a0-1008-g4c63d25 (webtiles) character file.

431834 mrath the Bludgeoner (level 22, -1/203 HPs)
             Began as a Minotaur Fighter on July 21, 2016.
             Was an Elder of Okawaru.
             Killed from afar by a hellion (11 damage)
             ... with damnation
             ... summoned by a deep elf demonologist
             ... on level 3 of the Elven Halls on July 22, 2016.
             The game lasted 06:16:37 (58221 turns).

mrath the Bludgeoner (Minotaur Fighter)            Turns: 58221, Time: 06:16:38

Health: -1/203     AC: 30    Str: 36    XL:     22   Next: 85%
Magic:  29/31      EV: 19    Int:  5    God:    Okawaru [****..]
Gold:   3185       SH: 35    Dex: 17    Spells: 0 memorised, 21 levels left

rFire  + . .     SeeInvis +     X - +6 flail of the Ageless Moons {speed, +Fly MR++ Dex-2}
rCold  . . .     Gourm    .     z - +0 plate armour {rF+}
rNeg   + . .     Faith    .     G - +2 large shield {rN+}
rPois  +         Spirit   .     H - +1 hat {MR+}
rElec  .         Dismiss  .     E - +2 cloak {+Inv}
rCorr  .         Reflect  +     L - +1 pair of gloves {Str+3}
SustAt .         Harm     .     g - +2 pair of boots of the Assassin {DetectMon Stab+ Stlth++}
MR     ++++.                    M - brooch of Shielding {Reflect SH+8}
Stlth  ..........               F - ring of Sovereignty {Str+7 Dex+4}
                                a - ring "Fuhyiddi" {rPois SInv}

@: lethally poisoned (-1 -> -1), very slightly contaminated, invisible,
incredibly resistant to hostile enchantments, extremely unstealthy
A: retaliatory headbutt, horns 2
a: Heroism, Renounce Religion, Turn Visible, Evoke Flight
}: 2/15 runes: decaying, gossamer


You were on level 3 of the Elven Halls.
You worshipped Okawaru.
Okawaru was greatly pleased with you.
You were hungry.

You visited 9 branches of the dungeon, and saw 42 of its levels.
You visited 1 bazaar.
You also visited: Labyrinth, Ice Cave and Volcano.

You collected 5621 gold pieces.
You spent 2436 gold pieces at shops.

Inventory:

Hand Weapons
 X - the +6 flail of the Ageless Moons (weapon) {speed, +Fly MR++ Dex-2}
   (You found it on level 2 of the Lair of Beasts)

   Attacks with this weapon are significantly faster.
   It affects your dexterity (-2).
   It affects your resistance to hostile enchantments.
   It lets you fly.
Missiles
 v - 5 javelins of penetration
 C - 5 poisoned javelins
 N - 22 javelins of returning (quivered)
Armour
 g - the +2 pair of boots of the Assassin (worn) {DetectMon Stab+ Stlth++}
   (You found it in a volcano)

   It makes you much more stealthy.
 z - a +0 plate armour of fire resistance (worn)
 E - a +2 cloak of invisibility (worn)
 G - a +2 large shield of positive energy (worn)
 H - a +1 hat of magic resistance (worn)
 L - a +1 pair of gloves of strength (worn)
Rods
 i - a +9 iron rod (14/14)
   (You took it off a minotaur in a labyrinth)
 q - a +6 lightning rod (9/9)
   (You found it in a labyrinth)
 O - a +3 rod of shadows (9/9)
   (You found it on level 3 of the Depths)
Jewellery
 a - the ring "Fuhyiddi" (left hand) {rPois SInv}
   (You found it on level 3 of the Lair of Beasts)

   [ring of poison resistance]

   It protects you from poison.
   It lets you see invisible.
 h - the macabre finger necklace {rN+}
   (You took it off a deep elf annihilator on level 3 of the Elven Halls)

   [amulet of nothing]

   It protects you from negative energy.
 F - the ring of Sovereignty (right hand) {Str+7 Dex+4}
   (You bought it in a shop on level 2 of the Orcish Mines)

   [ring of dexterity]

   It affects your strength (+7).
   It affects your dexterity (+4).
 J - an uncursed ring of fire
 M - the brooch of Shielding (around neck) {Reflect SH+8}
   (You bought it in a shop on level 1 of the Depths)

   [amulet of reflection]

   It shields you and reflects attacks.
   It affects your SH (+8).
 Y - the ring "Rowot" {rF++ MR+}
   (You bought it in a shop on level 2 of the Orcish Mines)

   [ring of protection from magic]

   It greatly protects you from fire.
   It affects your resistance to hostile enchantments.
Wands
 o - a wand of teleportation (4/9)
 p - a wand of iceblast (13/15)
 t - a wand of disintegration (16/24)
 x - a wand of hasting (5/9)
 B - a wand of acid (11/15)
 T - a wand of lightning (15/15)
Scrolls
 j - 8 scrolls of identify
 k - 5 scrolls of fog
 l - 24 scrolls of teleportation
 m - 20 scrolls of remove curse
 K - 7 scrolls of blinking
 W - 2 scrolls of summoning
Potions
 b - a potion of resistance
 d - 4 potions of might
 e - 2 potions of berserk rage
 n - 2 potions of cancellation
 r - a potion of flight
 u - 10 potions of curing
 A - 2 potions of brilliance
 D - 14 potions of heal wounds
 I - 5 potions of haste
 Q - 3 potions of agility
 U - a potion of cure mutation
Miscellaneous
 c - a sack of spiders
 w - a phial of floods
 y - a fan of gales
Comestibles
 s - 6 beef jerkies
 Z - 24 fruits


   Skills:
 + Level 18.5 Fighting
 + Level 19.5 Maces & Flails
 + Level 13.0 Throwing
 + Level 19.0 Armour
 + Level 17.1 Dodging
 + Level 19.0 Shields
 - Level 8.4 Invocations
 + Level 14.1 Evocations


You had 21 spell levels left.
You didn't know any spells.

Dungeon Overview and Level Annotations

Branches:
Dungeon (15/15)            Temple (1/1) D:6            Lair (6/6) D:11
  Swamp (4/4) Lair:4       Spider (4/4) Lair:3        Slime (0/5) Lair:6
    Orc (2/2) D:11            Elf (3/3) Orc:2        Vaults (4/5) D:14
  Crypt (0/3) Vaults:3     Depths (3/5) D:15

Altars:
Dithmenos
Elyvilon
Gozag
Hepliaklqana
Kikubaaqudgha
Makhleb
Nemelex Xobeh
Okawaru
Pakellas
Ru
Sif Muna
Uskayaw
Vehumet
Xom
Yredelemnul
Zin
The Shining One
Beogh

Shops:
D:6 :   D:14 (*}   Orc:2 (=}!   Elf:1 }}=!   Elf:2 ?   Vaults:1 }   Vaults:2 [
Vaults:4 ?}**   Depths:1 [=?*

Portals:
Hell: Depths:1 Depths:2 Depths:3
Abyss: Depths:1
Pandemonium: Depths:1 Depths:2 Depths:3


Innate Abilities, Weirdness & Mutations

You reflexively headbutt those who attack you in melee.
You have a pair of horns on your head.


Message History

A crawling corpse merges with a small abomination to form a large abomination.
Things that are here:
a rapier; 16 gold pieces
Things that are here:
a short sword; a buckler; a long sword You fade into invisibility!
You are very lightly contaminated with residual magic.
You feel quite a bit more hungry.
You feel sick. You block the orange demon's attack.
The ufetubus completely misses you. You block the ufetubus's attack.
The deep elf demonologist mumbles some strange words.
You are feeling hungry.
You block the ufetubus's attack. x2
The hellion gestures at you.
The sphere of damnation explodes!
The damnation engulfs you!
* * * LOW HITPOINT WARNING * * *
You feel sick.
The hellion gestures at the ufetubus.
The sphere of damnation explodes!
The damnation engulfs you!
You die...

*,,,,,,,,,,,* #.#.5# *,,,,,
******,,,,*** ##.#55# ***,,,
****** #..#Xe## **** ##.e)2.#
#..2)2.# #.44...# ##5)####
####.## ##########.#@.#
#..........).## *##
#........)...# ###.###
##......)#.### #.....#
######......)#.##########.....#
.....'.......'..........')....#
#######.....###############.###
#######'...'## **#
#....#).)..#.##


You could see a green death, a deep elf demonologist, an orange demon, a deep
elf high priest, a large abomination, an ice devil, 2 hellions and 3 ufetubi.

Vanquished Creatures
  A juggernaut (Depths:1)
  Sojobo (Depths:2)
  Bai Suzhen (Vaults:4)
  Frederick (Vaults:4)
  Saint Roka (Vaults:4)
  A golden dragon (Depths:1)
  Nikola (Spider:4)
  Rupert (Lair:4)
  3 tentacled monstrosities
  Asterion (Depths:1)
  A deep elf blademaster (Elf:2)
  2 titans
  A quicksilver dragon (Depths:1)
  3 liches
  Agnes (Spider:1)
  2 sphinxes
  7 thorn hunters
  4 tengu reavers
  Donald (Vaults:4)
  Roxanne (Elf:2)
  The ghost of B1inky the Destroyer, an adept OpWz of Ashenzari (Swamp:3)
  The ghost of Aquadorian the Tortoise, a journeyman MiFi of Okawaru (Spider:2)
  5 fire giants
  2 frost giants
  4 ghost moths
  Louise (Elf:2)
  2 deep elf sorcerers
  Aizul (Spider:1)
  4 deep elf elementalists (Elf:3)
  11 vault wardens
  An iron dragon (Depths:3)
  3 emperor scorpions
  The ghost of HAL9000 the Bludgeoner, a journeyman OgBe of Trog (Lair:6)
  12 very ugly things
  10 stone giants
  12 ironheart preservers
  5 entropy weavers
  Nessos (Lair:4)
  2 deep elf demonologists
  5 spark wasps
  Azrael (Elf:2)
  A dire elephant (Lair:6)
  10 deep elf annihilators (Elf:3)
  11 ettins
  5 deep elf death magi
  5 fire dragons
  A minotaur (Lab)
  A crystal guardian (Vaults:3)
  2 yaktaur captains
  2 deep elf high priests (Elf:3)
  7 great orbs of eyes
  Fannar (Lair:1)
  3 rakshasas
  9 vault guards
  Erolcha (Orc:1)
  23 hydras
  2 ghost crabs
  2 spriggan air magi
  10 ice dragons
  A catoblepas (Lair:6)
  9 centaur warriors
  15 alligators
  13 ogre magi
  2 death knights
  11 death yaks
  21 dancing weapons
  A hell hog (Depths:2)
  9 deep troll shamans
  An orc high priest (Elf:2)
  2 tengu warriors
  9 deep troll earth magi
  2 spriggan berserkers
  21 deep elf knights
  Sonja (Lair:1)
  A hell knight (Depths:3)
  An iron troll (Depths:1)
  A shadow wraith (Vaults:1)
  A spriggan druid (Swamp:2)
  2 unseen horrors (shapeshifter)
  14 deep trolls
  4 giant orange brains
  7 hill giants
  An unseen horror (Vaults:1)
  10 swamp dragons
  20 deep elf archers
  A flayed ghost (Vaults:4)
  A giant orange brain (shapeshifter) (Vaults:4)
  A hill giant (shapeshifter) (Vaults:4)
  6 shambling mangroves
  18 orc knights
  2 necromancers
  5 wizards
  71 deep elf magi
  14 ironbrand convokers
  A wolf spider zombie (D:14)
  13 orb spiders
  8 harpies
  3 manticores
  3 phantasmal warriors (Vaults:4)
  A cyclops (Vaults:1)
  A wolf spider (shapeshifter) (Vaults:4)
  8 griffons
  2 orc sorcerers
  12 hornets
  36 ugly things
  7 oklob plants
  2 moths of wrath
  42 slime creatures
  A fire giant skeleton (Depths:1)
  25 wolf spiders
  A centaur zombie (D:14)
  5 black mambas
  9 vault sentinels
  2 molten gargoyles (Volcano)
  A black mamba (shapeshifter) (Vaults:1)
  2 frost giant skeletons
  Maurice (D:11)
  4 elephants (Lair:6)
  A gargoyle (D:14)
  A torpor snail (Spider:1)
  2 ice statues (IceCv)
  17 spiny frogs
  9 komodo dragons
  42 yaktaurs
  3 rime drakes
  6 freezing wraiths
  13 demonic crawlers
  A polar bear (Lair:6)
  3 tengu conjurers
  An ice devil (Depths:1)
  A jumping spider (shapeshifter) (D:14)
  A polar bear (shapeshifter) (Vaults:3)
  33 jumping spiders
  A troll (shapeshifter) (Vaults:1)
  5 giant leeches
  3 meliai (D:14)
  9 trolls
  A two-headed ogre (shapeshifter) (Vaults:2)
  21 two-headed ogres
  3 boulder beetles
  17 blink frogs
  A hornet zombie (Vaults:1)
  A wolf spider simulacrum (D:13)
  A spriggan zombie (Depths:1)
  9 bog bodies
  An ettin zombie (Depths:1)
  3 vampires
  Sigmund (D:4)
  2 shadows (Swamp:3)
  33 tarantellas
  6 air elementals
  A wraith (Vaults:4)
  58 redbacks
  50 yaks
  6 spriggans
  A wyvern (D:12)
  A golden eye (shapeshifter) (Vaults:1)
  2 tarantellas (shapeshifter) (Depths:3)
  A fire bat (Volcano)
  Eustachio (D:4)
  A basilisk (Lair:4)
  5 fire elementals
  6 water elementals
  A steam dragon (D:13)
  28 vampire mosquitoes
  A human simulacrum (Vaults:1)
  The ghost of Xiguana the Charmwright, an amateur HESk (D:3)
  7 hippogriffs
  8 wargs
  5 mottled dragons
  24 swamp worms
  11 water moccasins
  A soldier ant (D:13)
  13 hell hounds
  14 porcupines
  A tengu skeleton (Depths:1)
  A giant eyeball (shapeshifter) (Elf:2)
  16 swamp drakes
  A porcupine (shapeshifter) (Elf:2)
  58 orc warriors
  2 phantoms
  2 eyes of draining
  17 ice beasts
  A sky beast (shapeshifter) (D:15)
  21 wasps
  3 sky beasts
  2 necrophages
  4 black bears
  27 wolves
  44 ogres
  8 boggarts
  21 centaurs
  14 crocodiles
  Blork the orc (D:4)
  2 earth elementals
  7 big kobolds
  A water moccasin zombie (D:8)
  A deep troll simulacrum (Vaults:1)
  12 giant frogs
  A wyvern zombie (D:13)
  A water moccasin skeleton (D:8)
  3 scorpions (D:12)
  An oklob sapling (Swamp:2)
  10 killer bees
  7 wights
  A howler monkey (D:8)
  2 electric eels
  3 crimson imps
  2 lava snakes (Volcano)
  A quasit (D:9)
  3 giant frog skeletons
  16 hounds
  A gnoll shaman (D:4)
  20 orc priests
  17 jellies
  20 orc wizards
  5 centaur skeletons
  9 iguanas
  7 worker ants
  Natasha (twice) (D:4)
  6 sheep
  A hound skeleton (D:9)
  19 gnolls
  A howler monkey skeleton (D:5)
  11 adders
  17 river rats
  2 shadow imps
  A white imp (Depths:1)
  3 oozes
  A worm (D:3)
  4 dart slugs
  10 giant geckos
  129 orcs
  9 bats
  6 giant cockroaches
  8 goblins
  10 hobgoblins
  18 jackals
  A quokka (D:8)
  A giant gecko skeleton (D:6)
  A giant gecko zombie (D:7)
  4 giant newts
  36 kobolds
  A quokka skeleton (D:9)
  5 rats
  5 briar patches
  A bush (Lair:6)
  2 fungi
  6 plants
1922 creatures vanquished.

Vanquished Creatures (collateral kills)
  Mara (Depths:1)
1 creature vanquished.

Vanquished Creatures (others)
  A tentacled monstrosity (Vaults:4)
  A deep elf master archer (Elf:3)
  A stone giant (Depths:2)
  A centaur warrior (Depths:2)
  A deep elf knight (Elf:2)
  A deep elf archer (Elf:2)
  A deep elf mage (Elf:2)
  2 yaktaurs
  A tarantella (Spider:4)
  2 swamp worms (Depths:2)
  An orc warrior (Vaults:1)
  A wasp (Spider:4)
  3 centaurs (Depths:2)
  A hound (D:11)
  2 orcs (D:11)
  A jackal (D:11)
  A briar patch (Depths:2)
  20 fungi
  13 plants
55 creatures vanquished.

Grand Total: 1978 creatures vanquished

Notes
Turn   | Place    | Note
-------+----------+-------------------------------------------
     0 | D:1      | mrath the Minotaur Fighter began the quest for the Orb.
     0 | D:1      | Reached XP level 1. HP: 19/19 MP: 0/0
   206 | D:1      | Reached XP level 2. HP: 21/26 MP: 1/1
   812 | D:1      | Reached XP level 3. HP: 31/31 MP: 2/2
  1362 | D:2      | Reached skill level 5 in Maces & Flails
  1468 | D:2      | Reached XP level 4. HP: 36/39 MP: 3/3
  2051 | D:3      | Found a deep blue altar of Sif Muna.
  2051 | D:3      | Noticed a phantom
  2171 | D:3      | Found a faded altar of an unknown god.
  2276 | D:3      | Killed a phantom
  2276 | D:3      | Reached XP level 5. HP: 28/45 MP: 4/4
  2453 | D:3      | Noticed Xiguana's ghost (amateur HESk)
  2890 | D:3      | Noticed an ogre
  2899 | D:3      | Killed an ogre
  2899 | D:3      | Reached skill level 1 in Dodging
  2899 | D:3      | Reached XP level 6. HP: 52/52 MP: 5/5
  3189 | D:3      | Killed Xiguana's ghost
  3471 | D:4      | Noticed Eustachio
  3513 | D:4      | Killed Eustachio
  3513 | D:4      | Reached XP level 7. HP: 59/60 MP: 6/6
  3603 | D:4      | Found a glowing silver altar of Zin.
  3603 | D:4      | Noticed an angel
  3645 | D:4      | Reached skill level 5 in Armour
  3737 | D:4      | Noticed Blork the orc
  3746 | D:4      | Killed Blork the orc
  3746 | D:4      | Reached skill level 5 in Fighting
  3746 | D:4      | Reached skill level 5 in Shields
  3955 | D:4      | Noticed Sigmund
  3964 | D:4      | Killed Sigmund
  4047 | D:4      | Reached XP level 8. HP: 66/68 MP: 7/7
  4105 | D:4      | Noticed Natasha
  4112 | D:4      | Killed Natasha
  4122 | D:4      | Found a deep blue altar of Sif Muna.
  4334 | D:5      | Entered Level 5 of the Dungeon
  4450 | D:4      | Noticed Natasha
  4454 | D:4      | Killed Natasha
  4566 | D:5      | Found a burning altar of Makhleb.
  4596 | D:5      | Found a shimmering altar of Xom.
  4597 | D:5      | Found a glowing golden altar of the Shining One.
  4782 | D:5      | Found an iron altar of Okawaru.
  4796 | D:5      | Became a worshipper of Warmaster Okawaru
  5245 | D:6      | Found an ancient bone altar of Kikubaaqudgha.
  5582 | D:6      | Found Beqico's Book Shoppe.
  5717 | D:6      | Found a staircase to the Ecumenical Temple.
  6497 | D:7      | Reached skill level 5 in Dodging
  6825 | D:7      | Reached XP level 9. HP: 78/78 MP: 8/8
  7526 | D:8      | Reached * piety under Okawaru
  7782 | D:8      | Noticed a three-headed hydra
  7815 | D:8      | Killed a three-headed hydra
  7815 | D:8      | Reached ** piety under Okawaru
  7848 | D:8      | Got a crystal halberd {chop}
  7862 | D:8      | Identified the +3 halberd "Xabike" {chop, rF- rC- MR+++ Dex+9} (You took it off a big kobold on level 8 of the Dungeon)
  7916 | D:8      | Reached skill level 1 in Invocations
  7928 | D:8      | Reached XP level 10. HP: 70/88 MP: 7/9
  7988 | D:8      | Reached skill level 10 in Maces & Flails
  8104 | D:8      | Reached skill level 1 in Evocations
  8186 | D:8      | Found a hazy altar of Hepliaklqana.
  8380 | Temple   | Entered the Ecumenical Temple
  8655 | D:9      | Found an opulent altar of Gozag.
  8736 | D:9      | Reached *** piety under Okawaru
  9186 | D:10     | Entered Level 10 of the Dungeon
  9694 | D:10     | Noticed a griffon
  9707 | D:10     | Killed a griffon
 10137 | D:11     | Noticed Maurice
 10221 | D:11     | Killed Maurice
 10333 | D:11     | Reached **** piety under Okawaru
 10365 | D:11     | Reached XP level 11. HP: 79/97 MP: 12/12
 10456 | D:11     | Found a roughly hewn altar of Beogh.
 10456 | D:11     | Found a staircase to the Orcish Mines.
 10456 | D:11     | Noticed an orc knight
 10473 | D:11     | Killed an orc knight
 10595 | D:11     | Found a staircase to the Lair.
 11264 | Lair:1   | Entered Level 1 of the Lair of Beasts
 11288 | Lair:1   | Noticed a four-headed hydra
 11302 | Lair:1   | Killed a four-headed hydra
 11337 | D:11     | Reached ***** piety under Okawaru
 11412 | Lair:1   | Received a gift from Okawaru
 11538 | Lair:1   | Noticed Sonja
 11549 | Lair:1   | Killed Sonja
 11653 | Lair:1   | Reached skill level 10 in Armour
 11812 | Lair:1   | Noticed Fannar
 11828 | Lair:1   | Killed Fannar
 11828 | Lair:1   | Reached skill level 10 in Shields
 11828 | Lair:1   | Reached skill level 5 in Invocations
 11929 | Lair:1   | Reached skill level 10 in Fighting
 12017 | Lair:1   | Noticed an eight-headed hydra
 12037 | Lair:1   | Killed an eight-headed hydra
 12037 | Lair:1   | Reached XP level 12. HP: 103/106 MP: 11/14
 12348 | Lair:2   | Noticed a seven-headed hydra
 12357 | Lair:2   | Killed a seven-headed hydra
 12420 | Lair:2   | Noticed a seven-headed hydra
 12431 | Lair:2   | Killed a seven-headed hydra
 12742 | Lair:2   | Got a crude flail
 12743 | Lair:2   | Identified the +6 flail of the Ageless Moons {speed, +Fly MR++ Dex-2} (You found it on level 2 of the Lair of Beasts)
 13012 | Lair:2   | You fall through a shaft!
 13074 | Lair:3   | Reached skill level 5 in Evocations
 13668 | Lair:3   | Got a brightly glowing lead ring
 13709 | Lair:3   | Identified the ring "Fuhyiddi" {rPois SInv} (You found it on level 3 of the Lair of Beasts)
 13773 | Lair:3   | Found a hole to the Spider Nest.
 14293 | Lair:4   | Received a gift from Okawaru
 14354 | Lair:4   | Found a staircase to the Swamp.
 14504 | Lair:4   | Noticed Rupert
 14523 | Lair:4   | Killed Rupert
 14523 | Lair:4   | Reached XP level 13. HP: 116/116 MP: 8/17
 14934 | Lair:4   | Noticed Nessos
 14951 | Lair:4   | Killed Nessos
 16219 | Lair:5   | Reached skill level 10 in Dodging
 16509 | Lair:5   | Received a gift from Okawaru
 17182 | Lair:6   | Entered Level 6 of the Lair of Beasts
 17182 | Lair:6   | Noticed HAL9000's ghost (journeyman OgBe)
 17810 | Lair:6   | Killed HAL9000's ghost
 17845 | Lair:6   | Received a gift from Okawaru
 18164 | Lair:6   | Found a staircase to the Slime Pits.
 18270 | Lair:6   | Reached XP level 14. HP: 125/125 MP: 19/19
 18862 | Lair:6   | Reached ****** piety under Okawaru
 18923 | Lair:6   | Got a steaming spear
 19564 | Orc:1    | Entered Level 1 of the Orcish Mines
 19564 | Orc:1    | Noticed Erolcha
 19569 | Orc:1    | Killed Erolcha
 19598 | Orc:1    | Found a dark tunnel.
 19609 | Volcano  | Entered a volcano
 19929 | Volcano  | Found a bloodstained altar of Trog.
 20425 | Orc:1    | You fall through a shaft!
 20425 | Orc:2    | Entered Level 2 of the Orcish Mines
 20459 | Orc:2    | Received a gift from Okawaru
 20685 | Orc:2    | Found a staircase to the Elven Halls.
 21677 | Orc:2    | Found Fyuw's Jewellery Emporium.
 21677 | Orc:2    | Found Syabb's Gadget Shop.
 21679 | Orc:2    | Found Caom's Distillery.
 21681 | Orc:2    | Found Biaqiphe's Antique Weapon Shoppe.
 22235 | Orc:2    | Bought the ring "Rowot" {rF++ MR+} for 594 gold pieces
 22235 | Orc:2    | Bought the ring of Sovereignty {Str+7 Dex+4} for 584 gold pieces
 22578 | D:12     | Reached skill level 1 in Throwing
 23113 | D:13     | Found a labyrinth entrance.
 23147 | Lab      | Entered a labyrinth
 24528 | Lab      | Got a faintly glowing amber ring
 24529 | Lab      | Got a transparent leather armour
 24724 | Lair:2   | Identified the ring of Happiness {Ice +Blink rPois Str-2 Dex+9} (You found it in a labyrinth)
 24877 | D:13     | Reached XP level 15. HP: 134/134 MP: 20/20
 25778 | D:14     | Found Patiofue's Gadget Boutique.
 25789 | D:14     | Found Esoedd's General Store.
 25802 | D:14     | Bought a scroll of identify for 32 gold pieces
 25847 | D:14     | Found Ruaxkeoz's Weapon Emporium.
 25976 | D:14     | Found a frozen archway.
 26057 | IceCv    | Entered an ice cave
 26135 | IceCv    | Got a pair of jewelled boots
 26153 | IceCv    | Identified the +2 pair of boots "Fuwol" {rPois MP+9 Int+5 Dex-4} (You found it in an ice cave)
 26598 | D:14     | Received a gift from Okawaru
 27137 | D:14     | Found a gate to the Vaults.
 27404 | D:15     | Entered Level 15 of the Dungeon
 27435 | D:14     | Received a gift from Okawaru
 27892 | D:15     | Found a staircase to the Depths.
 28470 | Swamp:1  | Entered Level 1 of the Swamp
 28581 | Swamp:1  | Received a gift from Okawaru
 28916 | Swamp:1  | Reached XP level 16. HP: 108/145 MP: 21/21
 29797 | Lair:2   | Identified 2 scrolls of acquirement
 30128 | Swamp:2  | Reached skill level 15 in Maces & Flails
 30410 | Swamp:2  | Reached skill level 5 in Throwing
 30452 | Swamp:2  | Noticed a thorn hunter
 30471 | Swamp:2  | Killed a thorn hunter
 30548 | Swamp:2  | Noticed a thorn hunter
 30568 | Swamp:2  | Killed a thorn hunter
 30639 | Swamp:2  | Noticed a thorn hunter
 30650 | Swamp:2  | Killed a thorn hunter
 30983 | Swamp:3  | Noticed B1inky's ghost (adept OpWz)
 31031 | Swamp:3  | Killed B1inky's ghost
 31251 | Swamp:3  | Noticed a thorn hunter
 31268 | Swamp:3  | Killed a thorn hunter
 31652 | Swamp:3  | Received a gift from Okawaru
 31904 | Swamp:4  | Entered Level 4 of the Swamp
 31904 | Swamp:4  | Noticed a thorn hunter
 31913 | Swamp:4  | Killed a thorn hunter
 32813 | Swamp:4  | Noticed a thorn hunter
 32830 | Swamp:4  | Killed a thorn hunter
 32948 | Swamp:4  | Received a gift from Okawaru
 33014 | Swamp:4  | Got a decaying rune of Zot
 33037 | Swamp:4  | Reached XP level 17. HP: 154/154 MP: 23/23
 33174 | Spider:1 | Entered Level 1 of the Spider Nest
 33277 | Spider:1 | Noticed Agnes
 33297 | Spider:1 | Killed Agnes
 33297 | Spider:1 | Received a gift from Okawaru
 33366 | Spider:1 | Noticed Aizul
 33386 | Spider:1 | Killed Aizul
 33498 | Spider:1 | Reached skill level 10 in Evocations
 33499 | Spider:1 | Reached skill level 15 in Shields
 33653 | Spider:1 | Received a gift from Okawaru
 33828 | Lair:2   | Identified the +7 spear "Toexa" {venom, *Contam rN++ MR+ Stlth+} (You found it on level 6 of the Lair of Beasts)
 33940 | Spider:1 | Received a gift from Okawaru
 33940 | Spider:1 | Reached skill level 15 in Armour
 34019 | Spider:1 | HP: 6/154 [poisoned by a hornet]
 34770 | Spider:2 | Noticed Aquadorian's ghost (journeyman MiFi)
 34822 | Spider:2 | Killed Aquadorian's ghost
 34928 | Spider:2 | You fall through a shaft!
 35411 | Spider:3 | Received a gift from Okawaru
 36291 | Spider:4 | Entered Level 4 of the Spider Nest
 36354 | Spider:4 | Noticed Nikola
 36390 | Spider:4 | Killed Nikola
 36676 | Spider:4 | Reached skill level 15 in Fighting
 36827 | Spider:4 | Received a gift from Okawaru
 37030 | Spider:4 | Reached XP level 18. HP: 163/163 MP: 25/25
 37200 | Spider:4 | Received a gift from Okawaru
 37671 | Spider:4 | Got a gossamer rune of Zot
 38002 | Elf:1    | Entered Level 1 of the Elven Halls
 38052 | Elf:1    | Found Haucw's Distillery.
 38059 | Elf:1    | Bought a potion of curing for 36 gold pieces
 38059 | Elf:1    | Bought a potion of curing for 36 gold pieces
 38706 | Elf:1    | Found Zeun's Jewellery Emporium.
 38706 | Elf:1    | Found Nerch's Gadget Shop.
 38707 | Elf:1    | Found Vool Wua's Gadget Shop.
 38807 | Elf:1    | Received a gift from Okawaru
 39573 | Elf:2    | Received a gift from Okawaru
 39574 | Elf:2    | Got a jewelled trident {god gift}
 39593 | Elf:2    | Identified the +1 trident of Naop {venom, Str+3} (Okawaru gifted it to you on level 2 of the Elven Halls)
 39646 | Elf:2    | Noticed Roxanne
 39923 | Elf:2    | Found Taselufa's Magic Scroll Boutique.
 39944 | Elf:2    | Killed Roxanne
 39963 | Elf:2    | Bought a scroll of identify for 38 gold pieces
 40056 | Elf:2    | Found a runed gate.
 40056 | Elf:2    | Found a runed gate.
 40056 | Elf:2    | Found a runed gate.
 40079 | Elf:2    | Noticed Azrael
 40106 | Elf:2    | Killed Azrael
 40624 | Elf:2    | Noticed Louise
 40659 | Elf:2    | Killed Louise
 41010 | Elf:2    | Reached XP level 19. HP: 172/172 MP: 26/26
 41038 | Elf:3    | Entered Level 3 of the Elven Halls
 41061 | Elf:3    | Received a gift from Okawaru
 42330 | Elf:3    | Received a gift from Okawaru
 42626 | Vaults:1 | Entered Level 1 of the Vaults
 42697 | Vaults:1 | Received a gift from Okawaru
 43059 | Vaults:1 | Found a shimmering altar of Xom.
 43123 | Vaults:1 | Received a gift from Okawaru
 43505 | Vaults:1 | Found Vumax's Gadget Shoppe.
 43798 | Vaults:1 | Reached skill level 10 in Throwing
 43937 | Vaults:1 | Noticed a Brimstone Fiend
 43990 | Vaults:1 | Received a gift from Okawaru
 44335 | Vaults:1 | Reached skill level 15 in Dodging
 44735 | Lair:2   | Upgraded the game from 0.19-a0-1007-g133f65f to 0.19-a0-1008-g4c63d25
 45289 | Vaults:2 | Found Pimadank's Antique Armour Boutique.
 45303 | Vaults:2 | Bought a glowing large shield for 202 gold pieces
 46316 | Vaults:3 | Reached XP level 20. HP: 109/182 MP: 28/28
 46571 | Vaults:3 | Found an ancient bone altar of Kikubaaqudgha.
 46594 | Vaults:3 | Found a staircase to the Crypt.
 46595 | Vaults:3 | Found a basalt altar of Yredelemnul.
 47439 | Vaults:3 | Received a gift from Okawaru
 47963 | Vaults:3 | Received a gift from Okawaru
 48032 | Vaults:3 | Got a smoking hand crossbow {god gift}
 48046 | Vaults:3 | Identified the +8 hand crossbow "Janwicsou" {venom, Stlth+} (Okawaru gifted it to you on level 3 of the Vaults)
 48666 | Vaults:4 | Found Nohiatre's Assorted Antiques.
 48690 | Vaults:4 | Found Gisatiwnol's Assorted Antiques.
 48700 | Vaults:4 | Found a flickering gateway to a bazaar.
 48701 | Vaults:4 | Noticed Donald
 48718 | Vaults:4 | Killed Donald
 48720 | Vaults:4 | Got a slimy shield
 48721 | Vaults:4 | Identified the +1 shield "Zedus" {rElec} (You took it off Donald on level 4 of the Vaults)
 48730 | Bazaar   | Entered a bazaar
 48730 | Bazaar   | Found Xeumaon's Book Boutique.
 48730 | Bazaar   | Found Tagg's Weapon Boutique.
 48738 | Bazaar   | Found Nupephayps's Antique Weapon Emporium.
 48759 | Bazaar   | Found Fuos Box's Distillery.
 49281 | Vaults:4 | Received a gift from Okawaru
 49868 | Vaults:4 | Noticed Bai Suzhen
 49894 | Vaults:4 | Killed Bai Suzhen
 49955 | Vaults:4 | Found Qonauref's Magic Scroll Emporium.
 49963 | Vaults:4 | Bought a scroll of identify for 24 gold pieces
 49963 | Vaults:4 | Bought a scroll of magic mapping for 42 gold pieces
 50259 | Vaults:4 | Received a gift from Okawaru
 50279 | Vaults:4 | Noticed Saint Roka
 50299 | Vaults:4 | Killed Saint Roka
 50313 | Vaults:4 | Noticed Frederick
 50331 | Vaults:4 | Killed Frederick
 50331 | Vaults:4 | Reached XP level 21. HP: 132/191 MP: 29/29
 50355 | Vaults:4 | Received a gift from Okawaru
 50585 | Vaults:4 | Found Adghol's Gadget Emporium.
 51426 | Depths:1 | Entered Level 1 of the Depths
 51438 | Depths:1 | Found a gateway to Hell.
 51535 | Depths:1 | Found a one-way gate to the infinite horrors of the Abyss.
 51536 | Depths:1 | Noticed Mara
 51554 | Depths:1 | Killed Mara
 51554 | Depths:1 | Received a gift from Okawaru
 51597 | Depths:1 | Noticed a golden dragon
 51622 | Depths:1 | Killed a golden dragon
 51661 | Depths:1 | Got a translucent sapphire amulet
 51694 | Depths:1 | Noticed a juggernaut
 51706 | Depths:1 | Killed a juggernaut
 51895 | Depths:1 | Received a gift from Okawaru
 52155 | Depths:1 | Found Xaskowk's Antique Armour Boutique.
 52157 | Depths:1 | Found Feyff's Jewellery Shop.
 52160 | Depths:1 | Found Muotz's Magic Scroll Boutique.
 52167 | Depths:1 | Bought a scroll of identify for 44 gold pieces
 52269 | Depths:1 | Bought the brooch of Shielding {Reflect SH+8} for 736 gold pieces
 52271 | Depths:1 | Identified the amulet "Hioxusiu" {Regen+ Dex+3 Stlth+} (You took it off a yaktaur on level 1 of the Depths)
 52567 | Depths:1 | Got a twisted hunting sling
 52639 | Depths:1 | Identified the Volume of Earthen Orientation
 53062 | Depths:1 | Found Fatz's Assorted Antiques.
 53070 | Depths:1 | Bought a scroll of identify for 68 gold pieces
 53157 | Depths:1 | Found a one-way gate leading to the halls of Pandemonium.
 53463 | Depths:1 | Found a glowing golden altar of the Shining One.
 53900 | Depths:2 | Noticed Asterion
 54255 | Depths:1 | Killed Asterion
 54255 | Depths:1 | Received a gift from Okawaru
 54294 | Depths:2 | Reached XP level 22. HP: 180/202 MP: 27/31
 54965 | Depths:2 | Noticed Sojobo
 54985 | Depths:2 | Killed Sojobo
 55000 | Depths:2 | Received a gift from Okawaru
 55698 | Depths:3 | Found a shadowy altar of Dithmenos.
 55714 | Depths:3 | Received a gift from Okawaru
 56689 | Depths:2 | Identified a +3 rod of shadows (9/9) (You found it on level 3 of the Depths)
 56821 | Depths:3 | Received a gift from Okawaru
 57880 | Elf:3    | Received a gift from Okawaru
 58220 | Elf:3    | HP: 10/203 [hellion/damnation[a deep elf demonologist] (15)]
 58221 | Elf:3    | Killed from afar by a hellion

Vault maps used:
D:1:      lemuel_arrival_behind_the_door_large
D:2:      kennysheep_six_static_rooms
D:3:      nicolae_overflow_crystal_walls, ecumenical_altar_1
D:4:      kennysheep_big_flooded_room, zin_angel, lemuel_blue_sif_altar,
          uniq_blork_the_orc, uniq_eustachio, uniq_sigmund, uniq_natasha
D:5:      okawaru_metal_pillars_1_2, gammafunk_temple_overflow_pools,
          kennysheep_mini_moat, first_bread, minmay_strange_pillars
D:6:      lemuel_round_altar, serial_shops, shop
D:8:      marbit_many_paths, hangedman_ranch, minivault_22
D:9:      nicolae_gozag_cash_rules_everything_around_me
D:10:     serial_park_tiny_1
D:11:     erik_lair_island, david_orc_5, uniq_maurice
D:12:     minmay_checkerbox
D:13:     lab_entry_generic, hangedman_decor_peaks_small, serial_park_tiny_pond
D:14:     grunt_vaults_entry_fortified, serial_shops,
          nicolae_shop_temple_entry_statues_fountains, nicolae_shop_crystal,
          shop_fountains, serial_ice, serial_ice_a, serial_ice_e, serial_ice_o,
          serial_ice_m, portal_ice_cave_entry_ice_beasts
D:15:     hangedman_depths_entry_civil_slaughter, minivault_27
Temple:   dshaligram_water_room_temple
Lair:1:   grunt_megastairs_2, uniq_fannar, uniq_sonja
Lair:2:   beast_lair_carwin_5
Lair:3:   spider_nest_entry_a, st_stairs_7
Lair:4:   minmay_lair_oklob_tunnel, minmay_swamp_entry_worms,
          infiniplex_staircase_pool, lemuel_fruit_tree, serial_bayou_shore_a,
          uniq_nessos, uniq_rupert
Lair:6:   grunt_lair_end_beastmaster, minmay_slime_entry_jelly_boxes,
          minmay_lair_oklob_bushes, infiniplex_staircase_pool_2,
          serial_bayou_shore_b
Swamp:1:  evilmike_swamp_ruin_rubble_1
Swamp:2:  nicolae_swamp_phyte_club, serial_swamp_ruin,
          evilmike_swamp_ruin_house_4, evilmike_swamp_ruin_house_2,
          evilmike_swamp_ruin_house_1, swamp_pool1
Swamp:3:  evilmike_swamp_ruin_rubble_2
Swamp:4:  swamp_basic_johnstein, swamp_pool1, hangedman_swamp_blocks
Spider:1: uniq_agnes, uniq_aizul
Spider:3: spider_trap
Spider:4: grunt_spider_rune_parallel, uniq_nikola
Orc:1:    nicolae_volcano_entry_two_sided, nicolae_orc_pool_cavern, uniq_erolcha
Orc:2:    st_orc_rangers
Elf:1:    elf_arrival_001, serial_shops,
          nicolae_shop_temple_entry_statues_fountains,
          hangedman_corner_corridor, minmay_shop_grove
Elf:2:    serial_shops, shop, uniq_roxanne, uniq_louise, uniq_azrael
Elf:3:    minmay_elf_hall_spiked, grunt_megastairs_4
Vaults:1: vaults_room_hallway, ontoclasm_vaults_ring_small,
          nicolae_vaults_what_the_h, nicolae_vaults_rhombus_6,
          nicolae_vaults_network_s, vaults_dpeg_spiral, v_rooms_5,
          vaults_mumra_hexcomb, serial_shops, nicolae_shop_stone, basic_altar
Vaults:2: hangedman_vaults_nails, grunt_vaults_twisty, v_misc_3,
          vaults_dpeg_ring, v_misc_13, v_misc_24, hangedman_vaults_maws,
          nicolae_vaults_three_branches, hangedman_vaults_impose, serial_shops,
          shop
Vaults:3: nicolae_vaults_specimen_jars, vaults_standard_mumra_enter_the_diamond,
          v_misc_4, nicolae_vaults_border_crossing, v_misc_5,
          minmay_crypt_entry_necro_gods, v_misc_13, hangedman_vaults_variations,
          v_pattern_4
Vaults:4: vaults_room_pools, v_misc_32, ontoclasm_vaults_tryst,
          hangedman_vaults_slice, v_misc_2, nicolae_vaults_little_squares_1,
          nicolae_vaults_big_ls, nicolae_vaults_halls_meeting,
          nicolae_vaults_ring_of_whatevers, nicolae_vaults_ring_of_whatevers,
          v_misc_26, dpeg_vaults_monster_row, serial_shops, bzr_entry_dummy,
          nicolae_shop_trees, nicolae_shop_overgrown_old_shop, shop,
          nicolae_shop_statue_plus, uniq_donald, uniq_saint_roka,
          uniq_frederick, uniq_bai_suzhen
Depths:1: serial_shops, nicolae_shop_crystal, abyss_entry,
          hangedman_coc_ice_floe, tso_altar, rand_demon_pan_entry_9,
          solitary_fountain, minmay_tree_intersection, minmay_the_grid_plus,
          serial_bayou_shore_b, minmay_shop_star, uniq_mara
Depths:2: onia_ninara_swampy_vault, serial_sigils_hangedman_shear,
          grunt_hell_horde, pan_entry, spider_trap, uniq_sojobo, uniq_asterion
Depths:3: hangedman_cross_cluster, hangedman_abyss_entry_splay, pan_entry,
          hell_entry
Lab:      labyrinth_skeletal_remains
Bazaar:   bazaar_jpeg_ribbon
IceCv:    ice_cave_statue_garden_teleport
Volcano:  volcano_lake

Skill      XL: |  1  2  3  4  5  6  7  8  9 10 11 12 13 14 15 16 17 18 19 20 21 22 |
---------------+-------------------------------------------------------------------+-----
Maces & Flails | 3 4 5 7 8 9 10 11 12 13 14 15 16 17 18 19 | 19.5
Fighting       | 4 5 6 8 9 10 11 12 13 14 15 16 17 18 | 18.5
Armour         | 4 5 6 8 9 10 11 12 13 14 15 16 17 18 19 | 19.0
Dodging        | 1 2 3 5 6 7 8 9 10 11 12 13 14 15 16 17 | 17.1
Shields        | 4 5 6 7 9 10 11 12 13 14 15 16 17 18 19 | 19.0
Invocations    | 1 3 5 6 8 |  8.4
Evocations     | 2 4 5 6 7 8 9 10 11 12 13 14 | 14.1
Throwing       | 1 4 6 8 9 10 11 12 13 | 13.0

Action                   |  1- 3 |  4- 6 |  7- 9 | 10-12 | 13-15 | 16-18 | 19-21 | 22-24 || total
-------------------------+-------+-------+-------+-------+-------+-------+-------+-------++-------
Melee: Flail             |   122 |   171 |   337 |   240 |  1690 |  2131 |  2118 |   569 ||  7378
       Headbutt          |    18 |    23 |    66 |   138 |   518 |   606 |   817 |   227 ||  2413
       Morningstar       |       |       |       |   516 |       |       |       |       ||   516
Throw: Javelin           |       |       |       |    17 |    10 |    25 |    98 |    22 ||   172
       Tomahawk          |       |       |       |       |       |    15 |       |       ||    15
Invok: Heroism           |       |       |     2 |    13 |    20 |    27 |    33 |    13 ||   108
       Finesse           |       |       |       |     4 |    15 |    17 |    25 |     6 ||    67
 Abil: Evoke Invisibilit |       |       |       |       |     2 |     1 |       |     1 ||     4
       Evoke Flight      |       |       |       |       |     1 |     1 |       |     4 ||     6
Evoke: Wand              |       |       |       |       |     2 |       |     3 |     1 ||     6
       Rod               |       |       |       |       |     1 |       |       |       ||     1
       Fan of gales      |       |       |       |       |       |     1 |       |       ||     1
       Phial of floods   |       |       |       |       |       |       |     1 |       ||     1
  Use: Scroll            |       |     1 |     7 |    14 |    15 |    15 |    16 |       ||    68
       Potion            |       |     1 |       |       |     4 |     7 |     7 |       ||    19
 Stab: Invisible         |       |       |       |       |     4 |     1 |       |       ||     5
       Confused          |       |       |       |       |     2 |       |       |       ||     2
  Eat: Chunk             |     2 |     5 |    14 |    21 |    35 |    33 |    37 |    13 ||   160
       Royal jelly       |       |     1 |       |       |     1 |     1 |     1 |       ||     4
       Fruit             |       |       |       |     1 |     2 |     1 |     3 |       ||     7
       Beef jerky        |       |       |       |       |     1 |       |     1 |       ||     2
       Bread ration      |       |       |       |       |     1 |     1 |       |       ||     2
       Pizza             |       |       |       |       |     1 |     1 |       |       ||     2
Armor: Scale mail        |    50 |    66 |    46 |       |       |       |       |       ||   162
       Chain mail        |       |       |    26 |       |       |       |       |       ||    26
       Plate armour      |       |       |    23 |   303 |   372 |   500 |   253 |    72 ||  1523
Dodge: Dodged            |    44 |    35 |    78 |   317 |   401 |   478 |   373 |   133 ||  1859
Block: Shield            |    74 |    99 |   179 |   448 |   570 |       |       |       ||  1370
       Large shield      |       |       |       |       |   319 |  1805 |  1629 |   569 ||  4322
       Reflection        |       |       |       |       |       |       |     7 |    50 ||    57
